 Dungeon Crawl Stone Soup version 0.31.0-9-g3a7656b989 (webtiles) character file.

Game seed: 14478736219868919604

507 qw the Shooter (level 6, 0/30 HPs)
             Began as a Spriggan Hunter on Feb 2, 2024.
             Was a Follower of Okawaru.
             Succumbed to a scorpion's poison
             ... on level 4 of the Dungeon.
             The game lasted 00:00:13 (2897 turns).

qw the Shooter (Spriggan Hunter)                    Turns: 2897, Time: 00:00:13

Health: 0/30       AC:  3    Str:  7    XL:     6   Next: 97%
Magic:  7/7        EV: 21    Int: 11    God:    Okawaru [*.....]
Gold:   196        SH:  0    Dex: 20    Spells: 5/5 levels left

rFire   . . .        a - +1 shortbow
rCold   . . .        (shield currently unavailable)
rNeg    . . .        c - +0 robe
rPois   .            (helmet restricted)
rElec   .            h - +0 cloak
rCorr   +            (gloves unavailable)
SInv    +            (boots unavailable)
Will    +....        (no amulet)
Stlth   ++           j - ring of resist corrosion
HPRegen 0.25/turn    (no ring)
MPRegen 0.10/turn

%: no passive effects
@: lethally poisoned (0 -> -1), very quick
A: very small, no large weapons, unfitting armour, see invisible, speed 3
a: Renounce Religion, Heroism


You were on level 4 of the Dungeon.
You worshipped Okawaru.
Okawaru was aware of your devotion.
You visited 2 branches of the dungeon, and saw 5 of its levels.
You also visited: Sewer.

You collected 196 gold pieces.


Innate Abilities, Weirdness & Mutations

You are very small and have problems with some larger weapons.
You are too small for most types of armour.
You have supernaturally acute eyesight. (SInv)
You cover ground extremely quickly. (Speed+++)


   Skills:
 - Level 2.0 Fighting
 - Level 7.1 Ranged Weapons
 + Level 6.0 Dodging
 - Level 1.5 Stealth
 + Level 0.0 Invocations


You had 5 spell levels left.
You didn't know any spells.
Your spell library was empty.

Inventory:

Hand Weapons
 a - a +1 shortbow (weapon)
Armour
 c - a +0 robe (worn)
 h - a +0 cloak (worn)
Jewellery
 j - a ring of resist corrosion (left hand)
Wands
 d - a wand of iceblast (3)
 e - a wand of digging (6)
Potions
 b - a potion of magic {unknown}
 f - 2 potions of heal wounds
 g - a potion of berserk rage {unknown}
 i - a potion of enlightenment {unknown}

Dungeon Overview and Level Annotations

Branches:
Dungeon (4/15)             Temple (1/1) D:4           Sewer (visited)

Altars:
Ashenzari
Cheibriados
Elyvilon
Fedhas
Gozag
Hepliaklqana
Kikubaaqudgha
Okawaru
Qazlal
Ru
Sif Muna
Trog
Xom
The Shining One


Message History

The scorpion is almost dead.
The scorpion stings you.
You are poisoned.
The scorpion poisons you! The scorpion stings you.
You are lethally poisoned!
The scorpion poisons you!
You shoot an arrow.
The arrow hits the scorpion but does no damage.
The scorpion is almost dead.
You feel very sick. The scorpion completely misses you.
You shoot an arrow.
The arrow hits the scorpion but does no damage.
The scorpion is almost dead.
You feel very sick. The scorpion completely misses you.
You shoot an arrow. The arrow hits the scorpion.
You kill the scorpion!
Okawaru accepts your kill.
You can now gain great but temporary skills.
You feel very sick.
Your Ranged Weapons skill increases to level 7!
There is a lethal amount of poison in your body!
You feel sick.
There is a lethal amount of poison in your body!
You feel sick.
There is a lethal amount of poison in your body!
You feel sick.
There is a lethal amount of poison in your body!
You feel sick.
There is a lethal amount of poison in your body!
You feel sick.
There is a lethal amount of poison in your body!
You feel sick.
There is a lethal amount of poison in your body!
You feel sick.
There is a lethal amount of poison in your body!
You feel sick.
There is a lethal amount of poison in your body!
You die...

# #.......>.......#.%.....##....
#!...............#..#...........
.#...............#.|.....##.....
##.####...#.......##..### ....
#. #%........####..# ###
#...###.#.####..# #...##.###..
...# #...###.#.####.## #...#
##@# #.# ...##..%## #.#
.#..#..). ...#.%.. ...#)[..
..#... #..##.# .# #.


There were no monsters in sight!

Vanquished Creatures
  A phantom (D:4)
  2 bullfrogs (Sewer)
  A scorpion (D:4)
  A hound (D:4)
  10 adders
  A white imp (D:3)
  5 dart slugs (Sewer)
  3 ribbon worms
  7 orcs
  5 endoplasms
  12 giant cockroaches
  8 goblins
  8 hobgoblins
  2 jackals (D:2)
  5 quokkas
  8 ball pythons
  2 bats
  7 frilled lizards
  4 kobolds
  12 rats
104 creatures vanquished.

Notes
Turn   | Place    | Note
-------+----------+-------------------------------------------
     0 | D:1      | qw the Spriggan Hunter began the quest for the Orb.
     0 | D:1      | Reached XP level 1. HP: 10/10 MP: 2/2
     0 | D:1      | 0 ||| qw: Version: 0.3-a-155-g5e7d8dd
     0 | D:1      | 0 ||| qw: Game counter: 1608
     0 | D:1      | 0 ||| qw: Melee chars always use a shield: true
     0 | D:1      | 0 ||| qw: God list: Okawaru
     0 | D:1      | 0 ||| qw: Allow faded altars: false
     0 | D:1      | 0 ||| qw: Do Orc after clearing Dungeon:15 true
     0 | D:1      | 0 ||| qw: Do second Lair branch before Depths: true
     0 | D:1      | 0 ||| qw: Lair rune preference: random
     0 | D:1      | 0 ||| qw: Goals: Normal
     0 | D:1      | 0 ||| PLANNING D:1-11
    78 | D:1      | Reached skill level 3 in Dodging
   177 | D:1      | Reached XP level 2. HP: 12/14 MP: 3/3
   718 | D:1      | 718 ||| DROPPING ring of flight.
   719 | D:1      | 719 ||| READING 2 scrolls labelled CADWOI WEBO.
   720 | D:1      | 720 ||| DROPPING scroll of butterflies.
   721 | D:1      | 721 ||| DROPPING scroll of summoning.
   767 | D:2      | Reached XP level 3. HP: 18/18 MP: 4/4
   877 | D:2      | Found a faded altar of an unknown god.
  1036 | D:2      | Reached skill level 5 in Ranged Weapons
  1261 | D:2      | Reached XP level 4. HP: 22/22 MP: 5/5
  1412 | D:2      | 1412 ||| UPGRADING to +0 cloak.
  1417 | D:2      | 1417 ||| READING 3 scrolls labelled GUIXYKOUWN.
  1417 | D:2      | 1417 ||| IDENTIFYING lumpy inky potion
  1418 | D:2      | 1418 ||| READING 2 scrolls of identify.
  1418 | D:2      | 1418 ||| IDENTIFYING 2 inky potions
  1419 | D:2      | 1419 ||| READING scroll of identify.
  1419 | D:2      | 1419 ||| IDENTIFYING scroll labelled CASIMAINEI
  1420 | D:2      | 1420 ||| DROPPING potion of lignification.
  1421 | D:2      | 1421 ||| DROPPING scroll of blinking.
  1440 | D:3      | 1440 ||| PLANNING SEWER
  1443 | D:3      | 1443 ||| STAIRDANCE
  1667 | D:3      | Found a glowing drain.
  1677 | D:3      | 1677 ||| DROPPING +6 ring of intelligence.
  1678 | D:3      | 1678 ||| UPGRADING to ring of resist corrosion.
  1679 | D:3      | 1679 ||| READING scroll of identify.
  1679 | D:3      | 1679 ||| IDENTIFYING scroll labelled NYRCHU IFUGECAEWA
  1680 | D:3      | 1680 ||| READING scroll labelled HUNEDUSETU.
  1680 | D:3      | 1680 ||| ENCHANTING +0 shortbow.
  1681 | D:3      | 1681 ||| DROPPING scroll of immolation.
  1687 | Sewer    | Entered a sewer
  1715 | Sewer    | Reached XP level 5. HP: 16/26 MP: 6/6
  1937 | Sewer    | Reached skill level 6 in Ranged Weapons
  1940 | Sewer    | Reached XP level 6. HP: 30/30 MP: 7/7
  2136 | Sewer    | 2136 ||| READING scroll labelled RUYNTA LUDU.
  2156 | D:3      | 2156 ||| PLANNING D:1-11
  2435 | D:3      | 2435 ||| READING scroll labelled PYIMOH NINITH.
  2646 | D:3      | Reached skill level 6 in Dodging
  2772 | D:4      | Found a staircase to the Ecumenical Temple.
  2773 | D:4      | 2773 ||| PLANNING TEMPLE
  2773 | D:4      | 2773 ||| READING scroll labelled XIAPHELARI.
  2792 | Temple   | Entered the Ecumenical Temple
  2793 | Temple   | 2793 ||| PLANNING OKAWARU WORSHIP
  2798 | Temple   | Became a worshipper of Warmaster Okawaru
  2799 | Temple   | 2799 ||| PLANNING D:1-11
  2888 | D:4      | Reached * piety under Okawaru
  2889 | D:4      | Reached skill level 7 in Ranged Weapons
  2890 | D:4      | HP: 6/30 [poisoned by a scorpion]
  2894 | D:4      | HP: 2/30 [poisoned by a scorpion]
  2897 | D:4      | Succumbed to a scorpion's poison

Levels and vault maps discovered:
D:1:      lemuel_arrival_broad_hall, layout_basic, st_stairs_2,
          serial_bayou_pond_d
D:2:      layout_loops_ring, hellmonk_ecumenical_altar_dog_temple,
          serial_bayou_crossing
D:3:      minmay_skewed_foursquare, layout_rooms, portal_sewer_entry_c
D:4:      layout_loops_cross, minmay_temple_entry_arrows
Temple:   eino_narrow_crystal_temple

Skill      XL: |  1  2  3  4  5  6 |
---------------+-------------------+-----
Dodging        | 3 4 5 6 |  6.0
Ranged Weapons | 5 6 7 |  7.1
Fighting       | 2 |  2.0
Stealth        | |  1.5

Action                     |  1- 3 |  4- 6 || total
---------------------------+-------+-------++-------
   Fire: Shortbow          |   118 |   194 ||   312
    Use: Scroll            |     1 |     8 ||     9
 Armour: Robe              |    10 |    20 ||    30
  Dodge: Dodged            |    38 |    81 ||   119

Table legend:
 A = Non-vault XP
 B = Vault XP
 C = Vault XP percentage of total XP
 D = Non-vault monster count
 E = Vault monster count
 F = Vault count percentage of total count
                 A         B        C        D         E       F
            +---------+---------+-------+---------+---------+-------
      Total |     429 |     296 |  40.8 |      73 |      31 |  29.8
            +---------+---------+-------+---------+---------+-------
        D:1 |      34 |       3 |   8.1 |      21 |       2 |   8.7
        D:2 |      85 |       4 |   4.5 |      23 |       2 |   8.0
        D:3 |      58 |      23 |  28.4 |      19 |       5 |  20.8
        D:4 |     252 |       0 |   0.0 |      10 |       0 |   0.0
      Sewer |       0 |     266 | 100.0 |       0 |      22 | 100.0
            +---------+---------+-------+---------+---------+-------
